 Dungeon Crawl Stone Soup version 0.20.1-1-g8b1a95d (webtiles) character file.

1650 Monsterracer the Destroyer (level 8, 36/36 HPs)
             Began as a Felid Conjurer on Sept 3, 2017.
             Was a Believer of Vehumet.
             Quit the game on level 8 of the Dungeon.
             The game lasted 00:30:11 (9656 turns).

Monsterracer the Destroyer (Felid Conjurer)         Turns: 9656, Time: 00:30:12

Health: 36/36      AC:  2    Str:  6    XL:     8   Next: 67%
Magic:  17/17      EV: 21    Int: 19    God:    Vehumet [**....]
Gold:   416        SH:  0    Dex: 17    Spells: 2/18 levels left
                                        Lives:  0   Deaths: 2

rFire    . . .     SeeInvis +   (weapon unavailable)
rCold    + . .     Gourm    .   (shield unavailable)
rNeg     . . .     Faith    .   (armour unavailable)
rPois    +         Spirit   .   (helmet unavailable)
rElec    +         Reflect  .   (cloak unavailable)
rCorr    .         Harm     .   (gloves unavailable)
MR       +....                  (boots unavailable)
Stlth    +++.......             (no amulet)
Regen    0.2/turn               k - ring of protection from cold
MPRegen  0.2/turn               p - ring of poison resistance

@: quick
A: no armour, no weapons or thrown items, stealth, claws 1, fangs 3, see
invisible, carnivore 3, deterioration 1, speed 1, shaggy fur 2, electricity
resistance, slow metabolism 1, strong 1, subdued magic 2, sharp paws
a: Renounce Religion


You were on level 8 of the Dungeon.
You worshipped Vehumet.
Vehumet was pleased with you.
You were not hungry.

You visited 1 branch of the dungeon, and saw 8 of its levels.

You collected 416 gold pieces.

Inventory:

Jewellery
 k - a ring of protection from cold (left paw)
 p - a ring of poison resistance (right paw)
Wands
 d - a wand of iceblast (7/15)
 r - a wand of confusion (28/48)
 s - a wand of disintegration (14/24)
Scrolls
 c - 3 scrolls of remove curse
 m - a scroll of fear
 n - a scroll of amnesia
Potions
 g - a potion of flight
 i - 4 potions of curing
 j - a potion of lignification
 l - 2 potions of berserk rage
Books
 h - a book of Minor Magic

   Spells                             Type                      Level
   a - Magic Dart                     Conjuration                  1
   b - Blink                          Translocation                2
   c - Call Imp                       Summoning                    2
   d - Slow                           Hexes                        2
   e - Conjure Flame                  Conjuration/Fire             3
   f - Mephitic Cloud                 Conjuration/Poison/Air       3
 t - a book of Conjurations

   Spells                             Type                      Level
   a - Magic Dart                     Conjuration                  1
   b - Searing Ray                    Conjuration                  2
   c - Dazzling Spray                 Conjuration/Hexes            3
   d - Fulminant Prism                Conjuration/Hexes            4
   e - Force Lance                    Conjuration/Translocation    4
   f - Iskenderun's Mystic Blast      Conjuration                  4
Comestibles
 a - 2 chunks of flesh
 b - 3 meat rations
 f - a royal jelly


   Skills:
 + Level 3.8 Fighting
 + Level 5.8 Dodging
 + Level 4.2 Stealth
 + Level 5.9 Spellcasting
 * Level 8.3 Conjurations
 + Level 7.1 Hexes
 + Level 6.9 Translocations
 + Level 1.8 Fire Magic


You had 2 spell levels left.
You knew the following spells:

 Your Spells              Type           Power        Failure   Level  Hunger
a - Magic Dart            Conj           ###.         1%          1    None
b - Searing Ray           Conj           ###...       1%          2    None
c - Fulminant Prism       Conj/Hex       ###.......   2%          4    ####...
d - Conjure Flame         Conj/Fire      ###.....     2%          3    ##.....
e - Blink                 Tloc           N/A          1%          2    None
f - Force Lance           Conj/Tloc      ###.....     2%          4    ####...


Dungeon Overview and Level Annotations

Branches:
Dungeon (8/15)             Temple (0/1) D:4
   Lair: D:8-11

Altars:
Cheibriados
Elyvilon
Fedhas
Nemelex Xobeh
Vehumet
Yredelemnul
The Shining One

Annotations:
D:8 Psyche


Innate Abilities, Weirdness & Mutations

You cannot wear armour.
You are incapable of wielding weapons or throwing items.
Your paws allow you to move quietly. (Stealth)
You have sharp claws.
You have razor-sharp teeth.
You have supernaturally acute eyesight. (SInv)
You are carnivorous and can eat meat at any time.
You cover ground quickly.
You are covered in thick fur. (AC +2)
You have a slow metabolism.
Your sharp claws are effective at attacking unaware monsters.
Your body sometimes deteriorates upon taking damage.
You are resistant to electric shocks. (rElec)
Your muscles are strong. (Str +2)
Your spells are easier to cast, but less powerful.


Message History

Your body deteriorates!
You feel clumsy. Psyche casts a spell at you. The magic dart hits you!
* * * LOW HITPOINT WARNING * * *
Your body deteriorates!
You feel clumsy.
Huge Dmg: -33%(-13hp) hp: 16%(6hp)
Casting: Magic Dart
Confirm with . or Enter, or press ? or * to list all spells.
Aiming: Magic Dart
Press: ? - help, Shift-Dir - straight line, f/p - Psyche
Aim: Psyche, wielding a dagger of chaos, wearing an embroidered robe and carrying a wand of lightning (?/15) {zapped: 1} (almost dead, fast, slightly transparent)
The magic dart hits Psyche.
Psyche is almost dead.
* * * LOW MAGIC WARNING * * *
Psyche hits you with a dagger of chaos.
You die...
You are now level 8!
You rejoin the land of the living...
Found a scroll of vulnerability and 8 poisoned needles.
Are you sure you want to abandon this character and quit the game? (Confirm with "yes".)

# . ###. ..
.?... ..
######......
#
#...@.......
#...........
#..........#
#....(..####
#######.# ..
##


There were no monsters in sight!

Vanquished Creatures
  The ghost of Agrougrou the Chopper, a novice DsFi of Okawaru (D:5)
  The ghost of appiemonkey the Destroyer, a novice TeCj of Vehumet (D:6)
  Prince Ribbit (D:6)
  A hungry ghost (D:7)
  A water moccasin (D:6)
  A sky beast (D:7)
  An ice beast (D:6)
  3 orc warriors
  3 phantoms
  3 ogres
  A big kobold (D:7)
  A bullfrog (D:8)
  A gnoll sergeant (D:7)
  3 wights (D:7)
  2 crimson imps
  2 jellies (D:6)
  4 hounds
  5 orc priests
  Jessica (D:2)
  6 worker ants
  Natasha (thrice) (D:4)
  5 orc wizards
  2 iguanas
  2 hound skeletons
  8 gnolls
  A howler monkey skeleton (D:6)
  10 adders
  An ooze (D:4)
  4 worms
  3 dart slugs
  2 leopard geckos
  13 orcs
  5 bats
  5 giant cockroaches
  3 goblins
  7 hobgoblins
  7 jackals
  8 kobolds
  3 quokkas
  3 ball pythons
  6 frilled lizards
  4 leopard gecko skeletons
  9 rats
156 creatures vanquished.

Vanquished Creatures (others)
  21 fulminant prisms
21 creatures vanquished.

Grand Total: 177 creatures vanquished

Notes
Turn   | Place    | Note
-------+----------+-------------------------------------------
     0 | D:1      | Monsterracer the Felid Conjurer began the quest for the Orb.
     0 | D:1      | Reached XP level 1. HP: 7/7 MP: 4/4
   332 | D:1      | HP: 3/7 [jackal (2)]
   350 | D:1      | Reached XP level 2. HP: 6/11 MP: 0/6
   357 | D:1      | Learned a level 2 spell: Searing Ray
   723 | D:1      | Reached skill level 4 in Conjurations
  1017 | D:2      | Found a basalt altar of Yredelemnul.
  1137 | D:2      | Reached XP level 3. HP: 14/14 MP: 2/7
  1680 | D:2      | Noticed Jessica
  1685 | D:2      | Killed Jessica
  1689 | D:2      | Reached XP level 4. HP: 18/18 MP: 1/9
  1708 | D:2      | HP: 9/18 [jackal (3)]
  1720 | D:2      | HP: 9/18 [jackal (1)]
  1760 | D:2      | HP: 8/18 [jackal (2)]
  1767 | D:2      | HP: 5/18 [jackal (2)]
  2034 | D:2      | Found a white marble altar of Elyvilon.
  2226 | D:3      | Learned a level 4 spell: Fulminant Prism
  2265 | D:3      | Found a glowing golden altar of the Shining One.
  2341 | D:3      | Found a radiant altar of Vehumet.
  2349 | D:3      | Became a worshipper of Vehumet
  2575 | D:3      | HP: 8/18 [gnoll/spear (8)]
  2576 | D:3      | Reached skill level 1 in Hexes
  2576 | D:3      | Reached XP level 5. HP: 10/21 MP: 7/11
  2747 | D:3      | Learned a level 4 spell: Force Lance
  2868 | D:3      | Reached skill level 5 in Conjurations
  3281 | D:3      | Reached * piety under Vehumet
  3281 | D:3      | Offered knowledge of Shock by Vehumet.
  3795 | D:4      | Reached skill level 1 in Translocations
  4116 | D:4      | Found a staircase to the Ecumenical Temple.
  4264 | D:4      | Noticed Natasha
  4400 | D:4      | HP: 5/21 [Natasha/magic dart (7)]
  4401 | D:4      | Killed Natasha
  4402 | D:4      | Gained mutation: You are covered in thick fur. (AC +2) [Felid growth]
  4402 | D:4      | Reached XP level 6. HP: 6/24 MP: 4/12
  4532 | D:4      | Noticed Natasha
  4537 | D:4      | HP: 5/24 [shadow imp/nerve-wracking pain[Natasha] (12)]
  4541 | D:4      | Killed Natasha
  4736 | D:4      | Noticed Natasha
  4739 | D:4      | Killed Natasha
  5240 | D:5      | Entered Level 5 of the Dungeon
  5253 | D:5      | Noticed Agrougrou's ghost (novice DsFi)
  5402 | D:5      | Reached XP level 7. HP: 27/27 MP: 3/14
  5483 | D:5      | Learned a level 3 spell: Conjure Flame
  5573 | D:5      | HP: 10/27 [Agrougrou's ghost (17)]
  5574 | D:5      | Slain by Agrougrou's ghost
  5575 | D:5      | Reached XP level 6. HP: -1/24 MP: 0/13
  5575 | D:5      | Killed Agrougrou's ghost
  5575 | D:5      | Reached skill level 6 in Conjurations
  5575 | D:5      | Reached XP level 7. HP: 27/27 MP: 14/14
  6065 | D:6      | Noticed Prince Ribbit
  6067 | D:6      | Reached skill level 1 in Fighting
  6067 | D:6      | Reached skill level 5 in Hexes
  6076 | D:6      | HP: 10/28 [Prince Ribbit (18)]
  6097 | D:6      | Killed Prince Ribbit
  6097 | D:6      | Reached skill level 7 in Conjurations
  6097 | D:6      | Reached skill level 5 in Translocations
  6097 | D:6      | Reached XP level 8. HP: 13/32 MP: 4/16
  6201 | D:6      | Learned a level 2 spell: Blink
  6325 | D:6      | Noticed appiemonkey's ghost (novice TeCj)
  6414 | D:6      | HP: 11/33 [appiemonkey's ghost/magic dart (9)]
  6415 | D:6      | Killed appiemonkey's ghost
  6415 | D:6      | Reached skill level 5 in Spellcasting
  6580 | D:6      | HP: 8/34 [orc priest/divine providence (15)]
  6592 | D:6      | Reached ** piety under Vehumet
  6592 | D:6      | Offered knowledge of Freeze by Vehumet.
  6835 | D:6      | HP: 17/34 [poisoned by a water moccasin]
  6840 | D:6      | HP: 16/34 [poisoned by a water moccasin]
  6847 | D:6      | HP: 14/34 [poisoned by a water moccasin]
  6855 | D:6      | HP: 13/34 [poisoned by a water moccasin]
  7116 | D:6      | Found a blossoming altar of Fedhas.
  7530 | D:6      | Reached XP level 9. HP: 22/37 MP: 11/18
  7709 | D:6      | Found a sparkling altar of Nemelex Xobeh.
  8001 | D:7      | Reached skill level 5 in Dodging
  8004 | D:7      | Reached skill level 1 in Fire Magic
  8026 | D:7      | HP: 19/38 [orc priest/club (6)]
  8189 | D:7      | Reached skill level 8 in Conjurations
  8473 | D:7      | Found a snail-covered altar of Cheibriados.
  9334 | D:7      | Gained mutation: Your spells are a little easier to cast, but a little less powerful. [mutagenic meat]
  9335 | D:7      | Gained mutation: You are resistant to electric shocks. (rElec) [mutagenic meat]
  9374 | D:7      | Offered knowledge of Inner Flame by Vehumet.
  9548 | D:7      | Gained mutation: Your body sometimes deteriorates upon taking damage. [mutagenic meat]
  9550 | D:7      | Gained mutation: Your spells are easier to cast, but less powerful. [mutagenic meat]
  9551 | D:7      | Gained mutation: Your muscles are strong. (Str +2) [mutagenic meat]
  9632 | D:8      | Noticed Psyche
  9649 | D:8      | HP: 18/39 [Psyche/dagger of chaos (6)]
  9654 | D:8      | HP: 13/39 [Psyche/magic dart (6)]
  9654 | D:8      | HP: 6/39 [Psyche/magic dart (7)]
  9655 | D:8      | Slain by Psyche
  9656 | D:8      | Reached XP level 8. HP: 0/36 MP: 0/17
  9656 | D:8      | Quit the game

Skill      XL: |  1  2  3  4  5  6  7  8  9 |
---------------+----------------------------+-----
Conjurations   | 4 5 6 7 8 |  8.3
Spellcasting   | 3 4 5 |  5.9
Hexes          | 1 2 4 5 6 7 |  7.1
Translocations | 1 4 5 6 |  6.9
Dodging        | 3 4 5 |  5.8
Fighting       | 1 3 |  3.8
Stealth        | 4 |  4.2
Fire Magic     | 1 |  1.8

Action                   |  1- 3 |  4- 6 |  7- 9 || total
-------------------------+-------+-------+-------++-------
Melee: Unarmed           |    15 |    14 |    20 ||    49
       Bite              |     2 |     1 |     1 ||     4
 Cast: Magic Dart        |    58 |    95 |    57 ||   210
       Searing Ray       |     2 |    19 |    46 ||    67
       Fulminant Prism   |       |     2 |    19 ||    21
       Force Lance       |       |     2 |     9 ||    11
       Conjure Flame     |       |       |     8 ||     8
  Use: Scroll            |       |     9 |     2 ||    11
       Potion            |       |       |     6 ||     6
 Stab: Sleeping          |       |     1 |       ||     1
  Eat: Chunk             |     9 |     8 |    26 ||    43
Armor: Skin              |     1 |     2 |     2 ||     5
Dodge: Dodged            |    20 |    46 |    50 ||   116
